Kradschützen Motorcycle Team
Construct Light Support Kompanie
Selects L6/40 Light Tank Combat Group
L6/40 Light Tank Combat Group
Panzerjäger Mechanized Group
Selects Towed Cannone da 105/28 Field Howitzer
Towed Cannone da 105/28 Field Howitzer
Construct Panzerarmee Kommand
Selects Defensive Operations
Construct Panzerarmee Kommand
Selects Prepared Positions
Selects Obice 305mm Barrage
Walking Stuka Rocket Launcher